 Dungeon Crawl Stone Soup version 0.31-a0-664-g902f515a81 (webtiles) character file.

Game seed: 17396915496028858784

1897 HoaS the Skirmisher (level 9, -3/48 HPs)
             Began as a Tengu Hunter on Aug 31, 2023.
             Slain by a wyvern (14 damage)
             ... on level 6 of the Dungeon on Sept 2, 2023.
             The game lasted 00:14:02 (4277 turns).

HoaS the Skirmisher (Tengu Hunter)                  Turns: 4277, Time: 00:14:02

Health: -3/48      AC: 12    Str: 11    XL:     9   Next: 15%
Magic:  10/10      EV: 16    Int: 11    God:
Gold:   232        SH:  0    Dex: 21    Spells: 8/8 levels left

rFire   . . .        a - +2 shortbow
rCold   . . .        (shield currently unavailable)
rNeg    . . .        c - +0 leather armour
rPois   .            o - +1 hat
rElec   .            d - +1 cloak
rCorr   .            h - +1 pair of gloves
SInv    .            (boots unavailable)
Will    +....        (no amulet)
Stlth   ++           m - +4 ring of protection
HPRegen 0.28/turn    j - ring of willpower
MPRegen 0.12/turn

%: acrobat
@: flying
A: beak, talons 3, evasive flight, acrobatic
a: no special abilities


You were on level 6 of the Dungeon.
You visited 1 branch of the dungeon, and saw 6 of its levels.

You collected 232 gold pieces.

Inventory:

Hand Weapons
 a - a +2 shortbow (weapon)
Armour
 c - a +0 leather armour (worn)
 d - a +1 cloak (worn)
 h - a +1 pair of gloves (worn)
 o - a +1 hat (worn)
Jewellery
 f - a ring of protection from fire
 j - a ring of willpower (right hand)
 m - a +4 ring of protection (left hand)
 n - a ring of magical power
Wands
 k - a wand of roots (8)
 p - a wand of digging (4)
Scrolls
 b - a scroll of butterflies
 e - 2 scrolls of immolation
 i - 2 scrolls of identify
 l - a scroll of teleportation
Potions
 g - a potion of attraction


   Skills:
 - Level 2.0 Fighting
 + Level 13.3 Ranged Weapons
 - Level 2.1 Dodging
 - Level 1.0 Stealth


You had 8 spell levels left.
You didn't know any spells.
Your spell library contained the following spells:

 Spells                   Type           Power      Damage    Failure   Level
 Freeze                   Ice            0%         1d3       43%         1
 Magic Dart               Conj           0%         1d3       43%         1
 Searing Ray              Conj           0%         2d4       56%         2
 Frozen Ramparts          Ice            0%         1d1       80%         3
 Gell's Gravitas          Tloc           0%         N/A       80%         3
 Hailstorm                Conj/Ice       0%         3d3       80%         3
 Portal Projectile        Hex/Tloc       0%         N/A       80%         3
 Teleport Other           Tloc           0%         N/A       80%         3
 Fulminant Prism          Conj/Hex       0%         3d5       99%         4
 Dispersal                Tloc           0%         N/A       100%        6
 Haunt                    Necr/Summ      0%         N/A       100%        7
 Summon Hydra             Summ           0%         N/A       100%        7


Dungeon Overview and Level Annotations

Branches:
Dungeon (6/15)
 Temple: D:4-7

Altars:
Kikubaaqudgha

Annotations:
D:4 3 runed translucent doors, AceOff's ghost, amateur MfGl; Cris's ghost, amateur DgSh; KimchiStew's ghost, amateur DsCj


Innate Abilities, Weirdness & Mutations

You have a beak for a mouth.
You have claws for feet.
Your magical flight helps you evade attacks. (EV +4)
You can magically evade attacks while moving or waiting.


Message History

Items here: )) [[ ††.
Things that are here:
a +0 club; a +0 ring mail
Found a club.
n - a ring of magical power
Items here: )) [ †.
Items here: )) [ †.
Okay, then.
Found a barding.
You now have 232 gold pieces (gained 11).
As you open the door, it creaks loudly!
A wyvern comes into view.
The wyvern hisses angrily.
You hear a croak.
You hear a shout!
The wyvern moves out of view.
An orc comes into view. It is wielding a +0 short sword.
Found a potion of attraction.
A bullfrog comes into view.
There is an open door here.
You shoot an arrow. The arrow closely misses the wyvern.
The wyvern barely misses you. The wyvern bites you.
You shoot an arrow. The arrow hits the wyvern.
The wyvern is lightly wounded.
The wyvern misses you.
You shoot an arrow. The arrow hits the wyvern!
The wyvern is heavily wounded.
The wyvern closely misses you.
You shoot an arrow. The arrow closely misses the wyvern.
The wyvern bites you!
You shoot an arrow. The arrow hits the wyvern!
The wyvern is severely wounded.
The wyvern bites you!
You are too injured to fight recklessly!
You are too injured to fight recklessly!
You are too injured to fight recklessly!
You shoot an arrow. The arrow barely misses the wyvern.
The wyvern misses you.
You shoot an arrow. The arrow hits the wyvern.
The wyvern is almost dead.
The wyvern bites you!
* * * LOW HITPOINT WARNING * * *
You shoot an arrow. The arrow barely misses the wyvern.
The wyvern bites you!
You die...

#....+..## ##....#...#
#.........#### .o
#............# #####..
#.......##.#+##.....F.
#.......#..)..#!......
#......[......#.......
#.............#.......
########.....@#.......
#>.........l.......
###.##.......########
#............#
#....#)#.....#
#....#)#.....#
#....#)#.....#
##..##.#.#...#
#.<......#...#


You could see a wyvern.

Vanquished Creatures
  Pikel (D:5)
  Sigmund (D:5)
  A water moccasin (D:5)
  Duvessa (D:5)
  3 ice beasts (D:5)
  An ogre (D:5)
  4 lemures (D:5)
  4 scorpions
  Dowan (D:5)
  2 hounds (D:5)
  3 jellies (D:3)
  2 sleepcaps
  An iguana (D:5)
  2 orc wizards (D:6)
  6 adders
  A shadow imp (D:5)
  A white imp (D:5)
  4 worms
  3 dart slugs
  10 orcs
  5 ball pythons
  7 bats
  16 endoplasms
  A giant cockroach (D:2)
  3 goblins
  5 hobgoblins
  3 jackals (D:1)
  5 quokkas
  2 frilled lizards (D:1)
  15 kobolds
  5 rats
119 creatures vanquished.

Notes
Turn   | Place    | Note
-------+----------+-------------------------------------------
     0 | D:1      | HoaS the Tengu Hunter began the quest for the Orb.
     0 | D:1      | Reached XP level 1. HP: 12/12 MP: 2/2
    25 | D:1      | Reached XP level 2. HP: 14/17 MP: 3/3
    71 | D:1      | Reached skill level 5 in Ranged Weapons
   594 | D:2      | Reached XP level 3. HP: 20/21 MP: 4/4
   643 | D:2      | You fall into a shaft and drop 1 floor!
   802 | D:2      | Found an ancient bone altar of Kikubaaqudgha.
   819 | D:2      | Reached skill level 6 in Ranged Weapons
   898 | D:2      | Reached XP level 4. HP: 26/26 MP: 5/5
  1502 | D:3      | Got the Discursus on the Spatial Union
  1665 | D:3      | Reached XP level 5. HP: 30/30 MP: 6/6
  1678 | D:3      | Reached skill level 7 in Ranged Weapons
  1865 | D:3      | Reached skill level 8 in Ranged Weapons
  1865 | D:3      | Reached XP level 6. HP: 35/35 MP: 7/7
  2097 | D:4      | Found a runed translucent gate.
  2097 | D:4      | Found a runed translucent gate.
  2394 | D:4      | Found a runed translucent gate.
  2397 | D:4      | Noticed AceOff's ghost (amateur MfGl)
  2397 | D:4      | Noticed Cris's ghost (amateur DgSh)
  2397 | D:4      | Noticed KimchiStew's ghost (amateur DsCj)
  2649 | D:4      | Upgraded the game from 0.31-a0-662-g684573625c to
                  | 0.31-a0-664-g902f515a81
  2679 | D:5      | Entered Level 5 of the Dungeon
  2824 | D:5      | Noticed an ice beast
  2835 | D:5      | Killed an ice beast
  2859 | D:5      | Reached skill level 9 in Ranged Weapons
  2859 | D:5      | Gained mutation: Your magical flight helps you evade
                  | attacks. (EV +4) [Tengu growth]
  2859 | D:5      | Reached XP level 7. HP: 12/40 MP: 8/8
  3084 | D:5      | Noticed Dowan
  3086 | D:5      | Noticed Duvessa
  3101 | D:5      | Killed Duvessa
  3106 | D:5      | Killed Dowan
  3107 | D:5      | Reached skill level 10 in Ranged Weapons
  3248 | D:5      | Reached XP level 8. HP: 44/44 MP: 9/9
  3397 | D:5      | Noticed Pikel
  3408 | D:5      | Killed Pikel
  3409 | D:5      | Reached skill level 11 in Ranged Weapons
  3501 | D:5      | Reached skill level 12 in Ranged Weapons
  3804 | D:5      | Noticed Sigmund
  3854 | D:5      | Reached XP level 9. HP: 46/48 MP: 10/10
  3872 | D:5      | Killed Sigmund
  3873 | D:5      | Reached skill level 13 in Ranged Weapons
  4277 | D:6      | Slain by a wyvern

Illustrated notes

Levels and vault maps discovered:
D:1:      minmay_arrival_jagged, layout_rooms
D:2:      layout_basic, serial_rivers, chequers_serial_rivers_large_b,
          chequers_serial_rivers_room_b, chequers_serial_rivers_small_3,
          chequers_serial_rivers_room_b, chequers_serial_rivers_micro_b,
          chequers_serial_rivers_micro_c, basic_altar,
          hangedman_abyss_or_decor_lesser_grid, minmay_misc_feat_roman,
          minmay_surrounded
D:3:      cheibrodos_fertilizer, layout_rooms, kennysheep_minor_cross,
          minivault_23
D:4:      layout_basic, gammafunk_ghost_cemetery
D:5:      layout_loops_ring, chequers_jeans, abandoned_shop,
          corexii_leaking_fountain, kennysheep_generic_room_14, uniq_duvessa,
          uniq_pikel, uniq_sigmund
D:6:      layout_basic

Skill      XL: |  1  2  3  4  5  6  7  8  9 |
---------------+----------------------------+-----
Ranged Weapons | 5 6 8 9 10 12 13 | 13.3
Fighting       | |  2.0
Dodging        | |  2.1
Stealth        | |  1.0

Action                     |  1- 3 |  4- 6 |  7- 9 || total
---------------------------+-------+-------+-------++-------
   Fire: Shortbow          |   114 |   162 |   218 ||   494
  Evoke: Wand              |       |       |     2 ||     2
    Use: Scroll            |     4 |     8 |     2 ||    14
         Potion            |       |       |     1 ||     1
 Armour: Leather armour    |    21 |    36 |    53 ||   110
  Dodge: Dodged            |    31 |    31 |    97 ||   159

Table legend: (Time is in decaauts)
 A = Elapsed time spent in this place.
 B = Non-inter-level travel time spent in this place.
 C = Inter-level travel time spent in this place.
 D = Time resting spent in this place.
 E = Time spent auto-exploring this place.
 F = Levels seen in this place.
 G = Mean time per level.
                   A        B        C        D        E       F      G
               +--------+--------+--------+--------+--------+-----+--------+
         Total |   4317 |   4198 |    119 |    727 |   2627 |   6 |  719.5 |
       Dungeon |   4317 |   4198 |    119 |    727 |   2627 |   6 |  719.5 |
               +--------+--------+--------+--------+--------+-----+--------+

Top non-repeatable levels by time:
     D:5: 1495 daAuts
     D:2: 863 daAuts
     D:4: 709 daAuts
     D:3: 607 daAuts
     D:1: 565 daAuts
     D:6: 77 daAuts
